 Dungeon Crawl Stone Soup version 0.30-a0-49-g1cef19eb02 (webtiles) character file.

Game seed: 4913260775432932100

4234 Kinoniko the Cleaver (level 10, 133/138 HPs)
             Began as an Ogre Berserker on Sept 2, 2022.
             Was an Elder of Trog.
             Quit the game on level 1 of the Abyss.
             The game lasted 00:09:39 (10826 turns).

Kinoniko the Cleaver (Ogre Berserker)              Turns: 10826, Time: 00:09:40

Health: 133/138    AC: 10    Str: 27    XL:     10   Next: 30%
Magic:  10/10      EV: 18    Int:  8    God:    Trog [****..]
Gold:   479        SH:  0    Dex:  8    Spells: 9/9 levels left

rFire   + + .      SeeInvis .    (weapon currently unavailable)
rCold   + + .      Faith    .    (shield currently unavailable)
rNeg    + + +      Spirit   .    (body armour currently unavailable)
rPois   ∞          Reflect  .    (helmet currently unavailable)
rElec   +          Harm     .    (cloak currently unavailable)
rCorr   +          Rampage  .    (gloves unavailable)
Will    +....                    (boots unavailable)
Stlth   ..........               (amulet currently unavailable)
HPRegen 0.33/turn                (ring currently unavailable)
MPRegen 0.12/turn                (ring currently unavailable)

@: berserking (expiring), wisp-form, flying, invisible, very quick
A: insubstantial, flying, no casting, tiny, unfitting armour, (tough skin 1)
a: Renounce Religion, Berserk, Trog's Hand, Brothers in Arms


You were on level 1 of the Abyss.
You worshipped Trog.
Trog was greatly pleased with you.
You were an insubstantial wisp.
You visited 1 branch of the dungeon, and saw 9 of its levels.
You visited the Abyss 1 time.

You collected 479 gold pieces.

Inventory:

Hand Weapons
 j - a +0 battleaxe
 p - a +0 war axe
 B - a +4 dire flail of freezing (melded)
Armour
 b - a +0 animal skin (melded)
Jewellery
 g - an amulet of magic regeneration
 h - a +6 ring of intelligence
 k - a +6 ring of intelligence
 n - an amulet of faith (melded)
 r - an amulet of reflection
 z - a ring of resist corrosion (melded)
 D - an amulet of regeneration
Wands
 m - a wand of flame (90)
 C - a wand of polymorph (9)
Scrolls
 c - a scroll of immolation
 f - 3 scrolls of teleportation
 l - 2 scrolls of fog
 q - 2 scrolls of noise
 t - 2 scrolls of amnesia
 u - a scroll of magic mapping
 A - 3 scrolls of enchant armour
Potions
 a - a potion of resistance {unknown}
 d - 4 potions of attraction
 e - 4 potions of heal wounds
 i - 2 potions of curing
 o - a potion of magic {unknown}
 s - a potion of brilliance {unknown}
 v - a potion of mutation {unknown}
 x - 2 potions of invisibility {unknown}
 F - a potion of flight {unknown}


   Skills:
 - Level 4.0 Fighting
 - Level 13.2(13.9) Axes
 * Level 6.0(9.9) Maces & Flails
 - Level 2.6 Dodging


You had 9 spell levels left.
You didn't know any spells.
Your spell library was empty.

Dungeon Overview and Level Annotations

Branches:
Dungeon (9/15)             Temple (0/1) D:7             Orc (0/2) D:9
   Lair: D:8-11

Altars:
Ashenzari
Dithmenos
Fedhas
Gozag
Hepliaklqana
Trog
Vehumet
Xom

Annotations:
D:7 exclusion: oklob sapling
D:9 Psyche


Innate Abilities, Weirdness & Mutations

You are an insubstantial wisp.
Your tiny insubstantial body is highly resistant to most damage types.
You are flying.
Your equipment is entirely melded.
You are incapable of wielding weapons or throwing items.
You cannot cast spells.
You are too large for most types of armour.
((You have tough skin. (AC +1)))


Message History

HP restored.
Things that are here:
a +0 shortbow; a centaur corpse As you open the door, it creaks loudly!
You hear a shout!
Found a quarterstaff.
Psyche the Insane Magess comes into view.
She is wielding a +3 dagger of chaos.
Found 14 gold pieces.
Psyche shouts!
There is an open door here.
Psyche casts a spell.
Psyche flickers and vanishes!
Deactivating autopickup; reactivate with Ctrl-A.
No target in view!
You hear some strange, mumbled words.
You turn into an insubstantial wisp.
Your +4 dire flail of freezing melds into your body.
Your +0 animal skin melds into your body.
Your ring of resist corrosion melds into your body.
Your amulet of faith melds into your body.
Your +4 dire flail of freezing stops glowing.
A red film seems to cover your vision as you go berserk!
You feel yourself moving faster!
You feel mighty! Something barely misses you.
You touch something!
Something hits you but does no damage.
You barely miss something.
You touch something!
Something hits you but does no damage.
You closely miss something. Something hits you but does no damage.
You fade into invisibility!
You miss something. Something barely misses you.
You touch something!
You barely miss something. Something barely misses you.
A wight comes into view.
It is wielding a +0 scimitar of distortion.
You miss something. Something hits you.
You are cast into the Abyss!
This branch contains the abyssal rune of Zot.
Reactivating autopickup.
Unknown command.
Unknown command.
You start resting.
You feel a strong urge to attack something.
Are you sure you want to abandon this character and quit the game? (Confirm with "yes".)

### # ... ..
#.#### ###'##...
......##........
......∩#........
.......v........
......#.........
..... ..........
.... .##.......
#.. ## .........
.. ....#..#. .
..#..... #.....#


There were no monsters in sight!

Vanquished Creatures
  Prince Ribbit (D:7)
  Eustachio (D:6)
  3 yaks (D:8)
  A steam dragon (D:8)
  Menkaure (D:6)
  A sky beast (D:8)
  6 black bears
  An ice beast (D:5)
  An orc warrior (D:6)
  2 centaurs
  2 phantoms (D:5)
  5 kobold brigands
  2 gnoll sergeants
  3 bullfrogs
  2 scorpions (D:4)
  7 wights
  4 howler monkeys
  2 jellies
  3 orc priests
  2 hounds
  4 iguanas
  Natasha (thrice) (D:3)
  4 orc wizards
  Terence (D:3)
  Robin (D:3)
  7 gnolls
  7 adders
  A shadow imp (D:5)
  A white imp (D:6)
  2 ufetubi (D:4)
  4 worms
  5 dart slugs
  21 orcs
  7 ball pythons
  4 endoplasms
  6 giant cockroaches
  11 hobgoblins
  4 jackals (D:1)
  2 quokkas (D:3)
  3 bats
  2 frilled lizards
  7 goblins
  19 kobolds
  4 rats (D:3)
  A butterfly (D:7)
181 creatures vanquished.

Vanquished Creatures (others)
  An orc (D:6)
  2 plants (D:6)
3 creatures vanquished.

Grand Total: 184 creatures vanquished

Notes
Turn   | Place    | Note
-------+----------+-------------------------------------------
     0 | D:1      | Kinoniko the Ogre Berserker began the quest for the Orb.
     0 | D:1      | Reached XP level 1. HP: 24/24 MP: 1/1
   336 | D:1      | Reached XP level 2. HP: 31/32 MP: 2/2
   539 | D:1      | Found a faded altar of an unknown god.
   866 | D:1      | Reached skill level 4 in Axes
  1227 | D:2      | Reached XP level 3. HP: 39/39 MP: 3/3
  1245 | D:2      | Reached XP level 4. HP: 23/48 MP: 4/4
  1538 | D:2      | Reached skill level 5 in Axes
  1973 | D:3      | Noticed Robin
  1978 | D:2      | Reached ** piety under Trog
  2159 | D:3      | Killed Robin
  2164 | D:3      | Reached XP level 5. HP: 54/54 MP: 5/5
  2302 | D:3      | Reached skill level 6 in Axes
  2699 | D:3      | Noticed Terence
  2701 | D:3      | Noticed Natasha
  2707 | D:3      | Killed Terence
  2707 | D:3      | Killed Natasha
  2708 | D:3      | Reached XP level 6. HP: 62/62 MP: 6/6
  2782 | D:3      | Found a bloodstained altar of Trog.
  2918 | D:3      | Noticed Natasha
  2922 | D:3      | Killed Natasha
  3042 | D:3      | Reached *** piety under Trog
  3106 | D:3      | Noticed Natasha
  3113 | D:3      | Killed Natasha
  3114 | D:3      | Reached skill level 7 in Axes
  3318 | D:3      | Found a hazy altar of Hepliaklqana.
  3319 | D:3      | Found a shadowy altar of Dithmenos.
  3319 | D:3      | Found an opulent altar of Gozag.
  3324 | D:3      | Found a broken altar of Ashenzari.
  3862 | D:4      | Reached XP level 7. HP: 60/70 MP: 7/7
  4188 | D:4      | Reached skill level 8 in Axes
  4433 | D:5      | Entered Level 5 of the Dungeon
  4810 | D:5      | Found a blossoming altar of Fedhas.
  4935 | D:5      | Reached skill level 9 in Axes
  5103 | D:5      | Reached XP level 8. HP: 68/78 MP: 8/8
  5270 | D:5      | Reached skill level 10 in Axes
  5495 | D:5      | Identified the +1 cloak "Facrawu" {Will+ MP-9 Int+4}
  6194 | D:6      | Reached **** piety under Trog
  6430 | D:6      | Noticed Eustachio
  6446 | D:6      | Killed Eustachio
  6447 | D:6      | Reached skill level 11 in Axes
  6721 | D:6      | Noticed Menkaure
  6740 | D:6      | Killed Menkaure
  6741 | D:6      | Reached XP level 9. HP: 62/84 MP: 9/9
  7064 | D:6      | Reached skill level 12 in Axes
  8396 | D:7      | Noticed Prince Ribbit
  8401 | D:7      | Killed Prince Ribbit
  8477 | D:7      | Found a staircase to the Ecumenical Temple.
  8551 | D:7      | Found a shimmering altar of Xom.
  8620 | D:7      | Reached skill level 13 in Axes
  9256 | D:8      | Found a radiant altar of Vehumet.
  9337 | D:8      | Reached skill level 1 in Maces & Flails
  9550 | D:8      | Reached XP level 10. HP: 92/92 MP: 10/10
  9561 | D:8      | Reached skill level 5 in Maces & Flails
 10812 | D:9      | Noticed Psyche
 10823 | Abyss:1  | Cast into level 1 of the Abyss (Psyche)
 10826 | Abyss:1  | Quit the game

Illustrated notes

Levels and vault maps discovered:
D:1:      evilmike_arrival_crescent, layout_basic, basic_ecumenical_altar
D:2:      layout_loops_ring, corexii_leaking_fountain
D:3:      layout_rooms, minitemple, portal_sewer_entry_e, uniq_natasha,
          uniq_terence, uniq_robin
D:4:      layout_basic
D:5:      layout_loops_ring, fedhas_ov_isle_minmay
D:6:      layout_loops_corners, serial_bayou_lake_a, uniq_eustachio,
          uniq_menkaure
D:7:      layout_rooms, xom_butterflies, minmay_temple_entry_oklob,
          uniq_prince_ribbit1
D:8:      layout_gridville, vehumet_altar_wand_db, minmay_starry_boxes
D:9:      layout_roguey, dk_yredelemnul_ordeal, hiddenorc1_lemuel,
          columned_hall_lemuel, uniq_joseph, uniq_psyche
Abyss:1:  base: D:7, minivault_27

Skill      XL: |  1  2  3  4  5  6  7  8  9 10 |
---------------+-------------------------------+-----
Axes           | 4 5 6 7 9 11 13 | 13.2
Maces & Flails | 3 6 |  6.0
Fighting       | |  4.0
Dodging        | |  2.6

Action                   |  1- 3 |  4- 6 |  7- 9 | 10-12 || total
-------------------------+-------+-------+-------+-------++-------
Melee: Hand axe          |    81 |    32 |       |       ||   113
       Battleaxe         |       |   113 |    42 |       ||   155
       War axe           |       |       |   239 |       ||   239
       Punch             |       |       |     5 |       ||     5
       Dire flail        |       |       |    28 |    53 ||    81
       Unarmed           |       |       |       |     8 ||     8
Invok: Berserk           |     1 |     5 |    13 |     2 ||    21
  Use: Scroll            |       |     4 |     5 |     5 ||    14
       Potion            |       |       |     4 |       ||     4
Armor: Animal skin       |    22 |    48 |    53 |    11 ||   134
       Skin              |       |       |       |     3 ||     3
Dodge: Dodged            |    31 |   108 |   133 |    20 ||   292

Table legend: (Time is in decaauts)
 A = Elapsed time spent in this place.
 B = Non-inter-level travel time spent in this place.
 C = Inter-level travel time spent in this place.
 D = Time resting spent in this place.
 E = Time spent auto-exploring this place.
 F = Levels seen in this place.
 G = Mean time per level.
                   A        B        C        D        E       F      G
               +--------+--------+--------+--------+--------+-----+--------+
         Total |  11020 |  10701 |    319 |   2431 |   6951 |  10 | 1102.0 |
       Dungeon |  11019 |  10700 |    319 |   2431 |   6951 |   9 | 1224.3 |
         Abyss |      1 |      1 |      0 |      0 |      0 |   1 |    1.0 |
               +--------+--------+--------+--------+--------+-----+--------+

Top non-repeatable levels by time:
     D:6: 2146 daAuts
     D:8: 1773 daAuts
     D:5: 1491 daAuts
     D:3: 1267 daAuts
     D:2: 1102 daAuts
     D:4: 1095 daAuts
     D:1: 1069 daAuts
     D:7: 993 daAuts
     D:9: 78 daAuts
 Abyss:1: 1 daAuts
